 Dungeon Crawl Stone Soup version 0.29-a0-284-gf9362112df (webtiles) character file.

Game seed: 736980063688742846

9 spaghetti the Charlatan (level 1, 0/15 HPs)
             Began as a Demigod Artificer on Mar 24, 2022.
             Slain by an endoplasm (2 damage)
             ... on level 1 of the Dungeon.
             The game lasted 00:01:12 (668 turns).

spaghetti the Charlatan (Demigod Artificer)          Turns: 668, Time: 00:01:12

Health: 0/15       AC:  3    Str: 13    XL:     1   Next: 86%
Magic:  3/3        EV: 11    Int: 13    God:
Gold:   28         SH:  0    Dex: 14    Spells: 0/0 levels left

rFire   . . .      SeeInvis .   a - +0 club {mace}
rCold   + . .      Faith    .   (no shield)
rNeg    . . .      Spirit   .   b - +0 leather armour
rPois   .          Reflect  .   (no helmet)
rElec   .          Harm     .   (no cloak)
rCorr   .          Rampage  .   (no gloves)
Will    .....                   (no boots)
Stlth   +.........              (no amulet)
HPRegen 0.05/turn               f - ring of protection from cold
MPRegen 0.08/turn               (no ring)

@: flying, hasted, very quick
A: high MP 1, forlorn, divine attributes
a: no special abilities


You were on level 1 of the Dungeon.
You visited 1 branch of the dungeon, and saw 1 of its levels.

You collected 28 gold pieces.


Innate Abilities, Weirdness & Mutations

You have an increased reservoir of magic. (+10% MP)
You shall have no god before yourself.
Your divine heritage dramatically boosts your attributes as you level up.


   Skills:
 - Level 0.8 Fighting
 - Level 1.7 Armour
 - Level 0.8 Dodging
 - Level 0.8 Stealth
 + Level 3.2 Evocations


You couldn't memorise any spells.
You didn't know any spells.
Your spell library was empty.

Inventory:

Hand Weapons
 a - a +0 club (weapon) {mace}
Armour
 b - a +0 leather armour (worn)
Jewellery
 f - a ring of protection from cold (left hand)
   (You found it on level 1 of the Dungeon)
 i - a ring of ice
   (You found it on level 1 of the Dungeon)
Wands
 c - a wand of flame (15) (quivered)
 d - a wand of charming (15)
 e - a wand of iceblast (9)

Dungeon Overview and Level Annotations

Branches:
Dungeon (1/15)

# #..# ######### ....
#.......# ###.##.#
#.......# .......#
#.......# .......#
#..[....# ......#
#.....Jg# .. ......#
#....Jl@###.# ......#
####..B........
......#### #..?........
.)....##.####.###.#.....
......##.##...#.........
.........##.#...J.......
########.#.....g.....#..
# #.#.##.....#....... #
##.#.##..##.##.#..


You could see 2 endoplasms, a giant cockroach, a hobgoblin and a frilled lizard.


Message History

😕 HP[-1]
You take 1 damage, and now have 14/15 hp.
You barely miss the bat. The bat barely misses you.
You hit the bat but do no damage. The bat barely misses you.
The bat hits you. 😕 HP[-1]
You take 1 damage, and now have 13/15 hp.
You closely miss the bat. The bat barely misses you. The bat hits you.
The bat hits you but does no damage. 😕 HP[-1]
You take 1 damage, and now have 12/15 hp.
You hit the bat. The bat hits you but does no damage.
The bat barely misses you.
You closely miss the bat. The bat barely misses you. The bat misses you.
You closely miss the bat. The bat hits you but does no damage. x2
You hit the bat. The bat hits you but does no damage.
The bat closely misses you.
You barely miss the bat. The bat closely misses you. The bat barely misses you.
You closely miss the bat. The bat barely misses you.
The bat closely misses you. 😕 HP[+1]
You hit the bat but do no damage. The bat hits you but does no damage.
You barely miss the bat. The bat barely misses you.
The bat hits you but does no damage.
You barely miss the bat. The bat hits you but does no damage.
The bat hits you but does no damage. The bat barely misses you.
A bat is nearby!
You closely miss the bat. The bat closely misses you.
The bat hits you but does no damage. The bat hits you but does no damage.
You barely miss the bat. The bat barely misses you.
The bat hits you but does no damage. The bat barely misses you.
You closely miss the bat. The bat barely misses you. The bat barely misses you.
You hit the bat but do no damage. The bat hits you. The bat barely misses you.
The bat hits you but does no damage. 😕 HP[-1]
You take 1 damage, and now have 12/15 hp.
You hit the bat.
You kill the bat!
A hobgoblin, a frilled lizard and 2 endoplasms come into view.
The hobgoblin shouts!
The frilled lizard hisses angrily.
The endoplasm quivers.
The endoplasm moves out of view. 😎 HP[+3]
Your hp is fully restored (15).
There are monsters nearby!
There are monsters nearby!
A giant cockroach comes into view.
You hit the giant cockroach but do no damage.
The giant cockroach bites you but does no damage.
You hit the giant cockroach but do no damage.
The giant cockroach misses you. The giant cockroach closely misses you.
You hit the giant cockroach but do no damage.
The endoplasm hits you. The giant cockroach bites you. The hobgoblin hits you.
The endoplasm barely misses you.
The giant cockroach bites you but does no damage. 😮 HP[-4]
You take 4 damage, and now have 11/15 hp.
MASSIVE DAMAGE!! (PAUSE)
The giant cockroach misses you. The giant cockroach bites you. 😮 HP[-1]
You take 1 damage, and now have 10/15 hp.
You barely miss the hobgoblin.
The giant cockroach bites you but does no damage.
The endoplasm closely misses you. The hobgoblin hits you.
The giant cockroach barely misses you. 😮 HP[-1]
You take 1 damage, and now have 9/15 hp.
The endoplasm attacks as you move away! The endoplasm hits you.
* * * LOW HITPOINT WARNING * * *
😨 HP[-2]
You take 2 damage, and now have 7/15 hp.
Unknown command.
The endoplasm attacks as you move away! The endoplasm hits you.
* * * LOW HITPOINT WARNING * * *
The hobgoblin barely misses you.
The giant cockroach closely misses you. 😨 HP[-3]
You take 3 damage, and now have 4/15 hp.
The endoplasm attacks as you move away! The endoplasm closely misses you.
The hobgoblin attacks as you move away! The hobgoblin closely misses you.
The frilled lizard closely misses you.
Okay, then.
Unknown command.
You aren't carrying any scrolls.
Unknown command.
It was a potion of flight.
You feel very buoyant.
You fly up into the air.
The giant cockroach misses you. The frilled lizard barely misses you.
The endoplasm freezes you.
You are frozen.
You resist.
* * * LOW HITPOINT WARNING * * *
😱 HP[-2]
You take 2 damage, and now have 2/15 hp.
It was a potion of haste.
You feel yourself speed up. The giant cockroach closely misses you.
The frilled lizard closely misses you. The endoplasm hits you.
You die...

Skill      XL: |  1 |
---------------+----+-----
Evocations     | 3 |  3.2
Fighting       | |  0.8
Armour         | |  1.7
Dodging        | |  0.8
Stealth        | |  0.8

Action                   || total
-------------------------++-------
Melee: Club              ||    60
       Punch             ||     1
  Use: Potion            ||     2
Armor: Leather armour    ||    23
Dodge: Dodged            ||    60

Levels and vault maps discovered:
D:1:      dpeg_arrival_erosion, layout_basic, basic_ecumenical_altar

Notes
Turn   | Place    | Note
-------+----------+-------------------------------------------
     0 | D:1      | spaghetti the Demigod Artificer began the quest for the
                  | Orb.
     0 | D:1      | Reached XP level 1. HP: 15/15 MP: 3/3
     0 | D:1      | magus.rc [v1.9.6]
   257 | D:1      | Reached skill level 3 in Evocations
   667 | D:1      | HP: 2/15 [frozen (2)]
   668 | D:1      | Slain by an endoplasm

Vanquished Creatures
  An endoplasm (D:1)
  A goblin (D:1)
  3 hobgoblins (D:1)
  A bat (D:1)
  2 frilled lizards (D:1)
8 creatures vanquished.

Table legend:
 A = Non-vault XP
 B = Vault XP
 C = Vault XP percentage of total XP
 D = Non-vault monster count
 E = Vault monster count
 F = Vault count percentage of total count
                 A         B        C        D         E       F
            +---------+---------+-------+---------+---------+-------
      Total |      13 |       0 |   0.0 |       8 |       0 |   0.0
            +---------+---------+-------+---------+---------+-------
        D:1 |      13 |       0 |   0.0 |       8 |       0 |   0.0
            +---------+---------+-------+---------+---------+-------

Illustrated notes

Table legend:
 A = Kills in this place as a percentage of kills in entire the game.
 B = Kills by you in this place as a percentage of kills by you in the entire game.
 C = Kills by friends in this place as a percentage of kills by friends in the entire game.
 D = Other kills in this place as a percentage of other kills in the entire game.
 E = Experience gained in this place as a percentage of experience gained in the entire game.
 F = Experience gained in this place divided by the number of levels of this place that you have seen.
                   A       B       C       D       E      F
               +-------+-------+-------+-------+-------+----------------------
         Total | 100.0 | 100.0 |   N/A |   N/A | 100.0 |  13.0
       Dungeon | 100.0 | 100.0 |   N/A |   N/A | 100.0 |  13.0
               +-------+-------+-------+-------+-------+----------------------

Table legend: (Time is in decaauts)
 A = Elapsed time spent in this place.
 B = Non-inter-level travel time spent in this place.
 C = Inter-level travel time spent in this place.
 D = Time resting spent in this place.
 E = Time spent auto-exploring this place.
 F = Levels seen in this place.
 G = Mean time per level.
                   A        B        C        D        E       F      G
               +--------+--------+--------+--------+--------+-----+--------+
         Total |    685 |    685 |      0 |    357 |    180 |   1 |  685.0 |
       Dungeon |    685 |    685 |      0 |    357 |    180 |   1 |  685.0 |
               +--------+--------+--------+--------+--------+-----+--------+

Top non-repeatable levels by time:
     D:1: 685 daAuts
